 Dungeon Crawl Stone Soup version 0.25-a0-404-gc1b5a34292 (webtiles) character file.

Game seed: 14855113141644955725, levelgen mode: deterministic

1522 Essalna the Zephyrmancer (level 8, -1/46 HPs)
             Began as a Tengu Air Elementalist on Jan 11, 2020.
             Slain by a hornet (5 damage)
             ... on level 7 of the Dungeon.
             The game lasted 00:23:55 (7475 turns).

Essalna the Zephyrmancer (Tengu Air Elementalist)   Turns: 7475, Time: 00:23:56

Health: -1/46      AC:  7    Str:  8    XL:     8   Next: 84%
Magic:  0/14       EV: 14    Int: 17    God:
Gold:   265        SH:  0    Dex: 16    Spells: 3/14 levels left

rFire    . . .     SeeInvis +   y - +2 flail (protect)
rCold    . . .     Gourm    .   (no shield)
rNeg     . . .     Faith    .   a - +1 robe
rPois    .         Spirit   .   (helmet restricted)
rElec    .         Reflect  .   r - +2 cloak
rCorr    .         Harm     .   p - +0 pair of gloves
MR       .....                  (boots unavailable)
Stlth    ++........             (no amulet)
HPRegen  0.15/turn              n - ring of see invisible
MPRegen  0.14/turn              (no ring)

@: lethally poisoned (-1 -> -10), slowed, very slow
A: beak, talons 3, able to fly
a: Fly


You were on level 7 of the Dungeon.
You were hungry.

You visited 2 branches of the dungeon, and saw 8 of its levels.

You collected 265 gold pieces.

Inventory:

Hand Weapons
 d - a +0 dagger
 y - a +2 flail of protection (weapon)
Armour
 a - a +1 robe (worn)
 p - a +0 pair of gloves (worn)
 r - a +2 cloak (worn)
 s - a +1 cloak
Jewellery
 n - a ring of see invisible (left hand)
Wands
 j - a wand of polymorph (4)
 o - a wand of digging (6)
Scrolls
 g - 5 scrolls of teleportation
 h - 2 scrolls of amnesia
Potions
 b - 2 potions of curing
 e - 3 potions of haste
 f - 3 potions of lignification
 i - a potion of degeneration
 k - a potion of cancellation
 l - a potion of agility {unknown}
 m - 2 potions of flight {unknown}
 q - a potion of heal wounds
 t - a potion of resistance
 u - a potion of brilliance {unknown}
 w - a potion of magic {unknown}
 x - a potion of ambrosia {unknown}
Comestibles
 c - 14 rations


   Skills:
 + Level 3.3 Fighting
 + Level 3.6 Armour
 + Level 4.3 Dodging
 - Level 2.0 Stealth
 + Level 3.6 Spellcasting
 + Level 7.4 Conjurations
 + Level 8.5 Air Magic


You had 3 spell levels left.
You knew the following spells:

 Your Spells              Type           Power        Failure   Level  Hunger
a - Shock                 Conj/Air       ####         1%          1    None
b - Swiftness             Chrm/Air       ###.....     4%          2    ##.....
c - Static Discharge      Conj/Air       ####....     1%          3    ###....
d - Lightning Bolt        Conj/Air       ####......   17%         5    ######.

Your spell library contained the following spells:

 Spells                   Type           Power        Failure   Level  Hunger
 Beastly Appendage        Tmut           #.....       17%         1    None
 Sticks to Snakes         Tmut           #.......     26%         2    ##.....
 Confusing Touch          Hex            #.......     45%         3    ###....
 Gell's Gravitas          Tloc           #.........   45%         3    ###....
 Spider Form              Tmut/Pois      #.........   45%         3    ###....
 Airstrike                Air            ####......   4%          4    ####...
 Ice Form                 Ice/Tmut       #.......     86%         4    ####...
 Petrify                  Tmut/Erth      #.......     86%         4    ####...
 Blade Hands              Tmut           #.........   99%         5    ######.
 Metabolic Englaciation   Hex/Ice        #.........   99%         5    ######.
 Yara's Violent Unravell  Hex/Tmut       #.........   99%         5    ######.


Dungeon Overview and Level Annotations

Branches:
Dungeon (7/15)             Temple (1/1) D:5

Altars:
Ashenzari
Cheibriados
Dithmenos
Elyvilon
Fedhas
Gozag
Hepliaklqana
Kikubaaqudgha
Makhleb
Nemelex Xobeh
Okawaru
Qazlal
Ru
Sif Muna
Trog
Uskayaw
Wu Jian
Yredelemnul
The Shining One

Shops:
D:6 =

Annotations:
D:3 2 transporters, pantherbaby's ghost, amateur DsFi


Innate Abilities, Weirdness & Mutations

You have a beak for a mouth.
You have claws for feet.
You can fly continuously.


Message History

Confirm with . or Enter, or press ? or * to list all spells.
Aiming: Shock (safe; 1% risk of failure)
Press: ? - help, Shift-Dir - straight line, f/p - hornet
Aim: a hornet (almost dead)
The zap misses the hornet.
You feel very sick. The hornet stings you!
* * * LOW HITPOINT WARNING * * *
You are more poisoned.
You feel as though you will be slow longer.
The hornet barely misses you.
You feel better. The hornet closely misses you. The hornet misses you.
You miss the hornet. Your peck misses the hornet.
The hornet is almost dead.
The hornet stings you!
* * * LOW HITPOINT WARNING * * *
You are lethally poisoned!
You feel as though you will be slow longer.
The hornet closely misses you. The hornet stings you.
You die...

#...........
#####...........
########......#'##....
##.............#..# .
...............#<.#
...............#..#
...............#..#
...............##+#
..##+##@######## #
#....y...=...
...............
.##..##...##... ###
#...# .. ....# ....#
....#


You could see a hornet.

Vanquished Creatures
  Eustachio (D:6)
  Duvessa (D:4)
  An orc warrior (D:4)
  A centaur (D:6)
  A gnoll sergeant (D:6)
  Dowan (D:4)
  2 scorpions
  3 crimson imps
  3 hounds (D:6)
  A bullfrog zombie (D:6)
  3 orc priests (D:4)
  3 bullfrog skeletons
  6 orc wizards
  2 worker ants (D:6)
  11 gnolls
  5 adders
  A shadow imp (D:6)
  3 adder skeletons
  4 worms
  7 leopard geckos
  17 orcs
  A giant cockroach (D:3)
  13 goblins
  11 hobgoblins
  3 jackals (D:3)
  6 kobolds
  2 quokkas
  9 bats
  8 frilled lizards
  A leopard gecko skeleton (D:4)
  12 rats
  A spectral orc (D:4)
144 creatures vanquished.

Notes
Turn   | Place    | Note
-------+----------+-------------------------------------------
     0 | D:1      | Essalna the Tengu Air Elementalist began the quest for the
                  | Orb.
     0 | D:1      | Reached XP level 1. HP: 10/10 MP: 4/4
   170 | D:1      | Reached XP level 2. HP: 15/15 MP: 1/6
   854 | D:1      | Reached XP level 3. HP: 19/19 MP: 2/7
  1140 | D:2      | Reached skill level 5 in Air Magic
  1696 | D:2      | You fall into a shaft and drop 1 floor!
  1704 | D:3      | Reached XP level 4. HP: 24/24 MP: 6/8
  2167 | D:3      | Gained mutation: You can fly continuously. [Tengu growth]
  2167 | D:3      | Reached XP level 5. HP: 20/28 MP: 6/9
  2232 | D:3      | Found a transporter.
  2257 | D:3      | Noticed pantherbaby's ghost (amateur DsFi)
  2260 | D:3      | Found a transporter.
  2279 | D:3      | Reached skill level 6 in Air Magic
  2608 | D:3      | Learned a level 2 spell: Swiftness
  2612 | D:3      | Learned a level 3 spell: Static Discharge
  2614 | D:3      | Reached skill level 5 in Conjurations
  2765 | D:3      | Found a sacrificial altar of Ru.
  2769 | D:3      | Reached XP level 6. HP: 32/32 MP: 5/10
  2942 | D:3      | Found a bloodstained altar of Trog.
  3165 | D:4      | Noticed Duvessa
  3165 | D:4      | Noticed Dowan
  3779 | D:4      | Reached skill level 7 in Air Magic
  3954 | D:4      | Killed Duvessa
  4102 | D:4      | Killed Dowan
  4102 | D:4      | Reached skill level 1 in Fighting
  4102 | D:4      | Reached skill level 1 in Armour
  4102 | D:4      | Reached XP level 7. HP: 15/38 MP: 6/11
  4493 | D:5      | Entered Level 5 of the Dungeon
  4543 | D:5      | Found a staircase to the Ecumenical Temple.
  4551 | Temple   | Entered the Ecumenical Temple
  5039 | D:5      | Found an ornate altar of the Wu Jian Council.
  5150 | D:5      | Found a white marble altar of Elyvilon.
  5546 | D:6      | Found a sparkling altar of Nemelex Xobeh.
  5553 | D:6      | Found a hide-covered altar of Uskayaw.
  5736 | D:6      | Noticed Eustachio
  5991 | D:4      | You fall into a shaft and drop 2 floors!
  6018 | D:6      | Reached XP level 8. HP: 44/44 MP: 4/13
  6144 | D:6      | Learned a level 5 spell: Lightning Bolt
  6277 | D:6      | Reached skill level 8 in Air Magic
  6472 | D:6      | Killed Eustachio
  6683 | D:6      | Found Bevudwa's Jewellery Shoppe.
  6940 | D:4      | Found an iron altar of Okawaru.
  7239 | D:4      | Found a basalt altar of Yredelemnul.
  7463 | D:7      | Noticed a hornet
  7475 | D:7      | Slain by a hornet

Levels and vault maps discovered:
D:1:      dpeg_arrival_ratfight, layout_loops_ring, st_stairs_8, minmay_cupped
D:2:      layout_basic
D:3:      layout_basic, lightli_temple_of_fire,
          nicolae_ru_great_annihilating_truth, first_ration,
          gammafunk_ghost_arena
D:4:      layout_basic, yredelemnul_forgotten_temple_becter,
          okawaru_ov_weapons_minmay, uniq_duvessa
D:5:      layout_basic, lemuel_round_altar, elyvilon_altar_4,
          minmay_temple_entry_tees
D:6:      layout_loops_cross, eat_drink_and_be_merry_uskayaw, serial_shops,
          shop, nemelex_xobeh_ov_fountains_minmay, uniq_eustachio
D:7:      layout_gridville, grunt_livestock
Temple:   minmay_temple_forest_path

Skill      XL: |  1  2  3  4  5  6  7  8 |
---------------+-------------------------+-----
Conjurations   | 2 3 4 5 6 7 |  7.4
Air Magic      | 5 6 7 8 |  8.5
Fighting       | 1 2 3 |  3.3
Armour         | 1 2 3 |  3.6
Dodging        | 3 4 |  4.3
Spellcasting   | 3 |  3.6
Stealth        | |  2.0

Action                   |  1- 3 |  4- 6 |  7- 9 || total
-------------------------+-------+-------+-------++-------
Melee: Dagger            |     6 |     8 |     8 ||    22
       Kick              |     1 |     3 |     4 ||     8
       Peck              |       |     3 |     2 ||     5
       Flail             |       |       |     4 ||     4
 Cast: Shock             |    82 |   145 |   165 ||   392
       Swiftness         |       |     1 |       ||     1
       Static Discharge  |       |       |     2 ||     2
  Use: Scroll            |       |    10 |     5 ||    15
       Potion            |       |     1 |     1 ||     2
  Eat: Chunk             |     4 |     6 |     7 ||    17
       Ration            |       |     1 |     1 ||     2
Armor: Robe              |     4 |    15 |    19 ||    38
Dodge: Dodged            |     6 |    27 |    54 ||    87

Table legend:
 A = Non-vault XP
 B = Vault XP
 C = Vault XP percentage of total XP
 D = Non-vault monster count
 E = Vault monster count
 F = Vault count percentage of total count
                 A         B        C        D         E       F
            +---------+---------+-------+---------+---------+-------
      Total |    1690 |     485 |  22.3 |     126 |      18 |  12.5
            +---------+---------+-------+---------+---------+-------
        D:1 |      21 |      15 |  41.7 |      14 |      10 |  41.7
        D:2 |      49 |       0 |   0.0 |      19 |       0 |   0.0
        D:3 |     190 |      51 |  21.2 |      40 |       4 |   9.1
        D:4 |     542 |     222 |  29.1 |      25 |       3 |  10.7
        D:5 |      74 |       0 |   0.0 |       3 |       0 |   0.0
        D:6 |     764 |     197 |  20.5 |      24 |       1 |   4.0
        D:7 |      50 |       0 |   0.0 |       1 |       0 |   0.0
            +---------+---------+-------+---------+---------+-------
